 Dungeon Crawl Stone Soup version 0.28.0-49-g6dfe1f597d (webtiles) character file.

Game seed: 12880648076172872375

529 101zpm the Magician (level 7, -1/45 HPs)
             Began as a Djinni Fire Elementalist on May 17, 2022.
             Slain by a killer bee (6 damage)
             ... on level 4 of the Dungeon.
             The game lasted 00:09:15 (5346 turns).

101zpm the Magician (Djinni Fire Elementalist)      Turns: 5346, Time: 00:09:15

Health: -1/45      AC:  2    Str:  7    XL:     7   Next: 48%
Gold:   208        EV: 12    Int: 19    God:
                   SH:  0    Dex: 13

rFire   + + .      SeeInvis .   k - +12 whip of the Morning {vorpal, +Blink}
rCold   x . .      Faith    .   (no shield)
rNeg    . . .      Spirit   .   a - +0 robe
rPois   ∞          Reflect  .   (no helmet)
rElec   .          Harm     .   (no cloak)
rCorr   .          Rampage  .   (no gloves)
Will    .....                   (boots unavailable)
Stlth   ++........              (no amulet)
HPRegen 0.15/turn               (no ring)
MPRegen 0.00/turn               (no ring)

@: flying
A: sickness immunity, fire resistance 2, cold vulnerability 1, float, innate
caster, HP casting, extra vitality 1
a: Evoke Blink


You were on level 4 of the Dungeon.
You visited 1 branch of the dungeon, and saw 5 of its levels.

You collected 208 gold pieces.

Inventory:

Hand Weapons
 k - the +12 whip of the Morning (weapon) {vorpal, +Blink}
   (You found it on level 3 of the Dungeon)

   It inflicts extra damage upon your enemies.
   +Blink:    It lets you blink.
Missiles
 g - 70 stones
 n - a throwing net
Armour
 a - a +0 robe (worn)
Jewellery
 m - an amulet of reflection
Wands
 o - a wand of acid (2)
Scrolls
 c - a scroll of amnesia {unknown}
 e - 2 scrolls of enchant weapon {unknown}
 f - 5 scrolls of identify {unknown}
 i - a scroll of fog {unknown}
 l - a scroll of teleportation {unknown}
Potions
 b - 2 potions of flight {unknown}
 d - 2 potions of cancellation {unknown}
 h - 4 potions of degeneration {unknown}
 j - 2 potions of attraction {unknown}
 p - a potion of curing {unknown}


   Skills:
 + Level 0.1 Fighting
 + Level 2.6 Dodging
 + Level 2.6 Stealth
 + Level 5.8 Spellcasting


You couldn't memorise any spells.
You knew the following spells:

 Your Spells              Type           Power      Damage    Failure   Level
a - Foxfire               Conj/Fire      100%       2x1d9     1%          1
b - Scorch                Fire           54%        2d7       1%          2
c - Conjure Flame         Conj/Fire      27%        6-21      3%          3
d - Inner Flame           Hex/Fire       27%        N/A       3%          3
e - Flame Wave            Conj/Fire      27%        2d7       11%         4
f - Sandblast             Erth           54%        2d13      1%          1
g - Poisonous Vapours     Pois/Air       54%        N/A       1%          2
h - Passwall              Tmut/Erth      22%        N/A       1%          2
Your spell library was empty.

Dungeon Overview and Level Annotations

Branches:
Dungeon (5/15)
 Temple: D:4-7

Altars:
Zin
The Shining One

Shops:
D:3 *

Annotations:
D:5 Grinder


Innate Abilities, Weirdness & Mutations

You are immune to sickness and miasma.
You are immune to poison.
Your flesh is very heat resistant. (rF++)
You are vulnerable to cold. (rC-)
You float through the air rather than walking.
You learn spells naturally, not from books.
Your magical power is your life essence.
You have superior vitality. (+4 MHP)


Message History

Aim: a killer bee (61% to hit)
The blast of sand hits the killer bee!
The killer bee is severely wounded.
g - 73 stones The killer bee stings you!
A killer bee comes into view.
The killer bee stings you.
Casting: Sandblast (safe; 1% risk of failure)
Confirm with . or Enter, or press ? or * to list all spells.
Aiming: Sandblast (safe; 1% risk of failure)
Press: ? - help, Shift-Dir - straight line, f/p - killer bee
Aim: a killer bee (severely wounded, 61% to hit)
The blast of sand hits the killer bee!
You kill the killer bee!
g - 72 stones The killer bee buzzes angrily.
The killer bee stings you.
Casting: Sandblast (safe; 1% risk of failure)
Confirm with . or Enter, or press ? or * to list all spells.
Aiming: Sandblast (safe; 1% risk of failure)
Press: ? - help, Shift-Dir - straight line, f - killer bee
Aim: a killer bee (61% to hit)
The blast of sand misses the killer bee.
g - 71 stones The killer bee closely misses you.
The killer bee stings you.
* * * LOW HITPOINT WARNING * * *
Casting: Sandblast (safe; 1% risk of failure)
Confirm with . or Enter, or press ? or * to list all spells.
Aiming: Sandblast (safe; 1% risk of failure)
Press: ? - help, Shift-Dir - straight line, f/p - killer bee
Aim: a killer bee (61% to hit)
The blast of sand misses the killer bee.
The blast of sand hits the killer bee.
The killer bee is lightly wounded.
g - 70 stones
* * * LOW HITPOINT WARNING * * *
The killer bee stings you.
* * * LOW HITPOINT WARNING * * *
The killer bee stings you.
You die...

#.## ##.# #.###.
##.## ##..# #.# #.
##.###.#.# #.# #.
#..#.##.# #.# #.
#.#.###.#####.####
#...# #..........#
#y### ##.#######.#
#y# #.# #..
#@######.## ###
#..........# #
#..#######.# # #..#
#.# # #..# #.# #
#..#######.########
#............>...##
##.#####.#...))....
#...#####.##


You could see 2 killer bees.

Vanquished Creatures
  2 killer bees (D:4)
  A hound (D:4)
  An orc priest (D:4)
  Terence (D:3)
  An iguana (D:3)
  Natasha (thrice) (D:2)
  10 gnolls
  9 adders
  A white imp (D:4)
  An ufetubus (D:4)
  2 worms (D:2)
  A dart slug (D:4)
  10 orcs
  3 endoplasms
  A giant cockroach (D:4)
  2 goblins
  4 hobgoblins
  2 kobolds
  3 quokkas
  7 ball pythons
  5 bats
  A frilled lizard (D:1)
  4 rats
75 creatures vanquished.

Vanquished Creatures (collateral kills)
  2 foxfires (D:2)
2 creatures vanquished.

Vanquished Creatures (others)
  261 foxfires
  A plant (D:2)
  10 toadstools (D:4)
272 creatures vanquished.

Grand Total: 349 creatures vanquished

Notes
Turn   | Place    | Note
-------+----------+-------------------------------------------
     0 | D:1      | 101zpm the Djinni Fire Elementalist began the quest for the
                  | Orb.
     0 | D:1      | Reached XP level 1. HP: 15/15 MP: 0/0
   421 | D:1      | Found a faded altar of an unknown god.
   749 | D:1      | Reached XP level 2. HP: 17/21 MP: 0/0
  1529 | D:2      | Reached skill level 3 in Spellcasting
  1529 | D:2      | Reached XP level 3. HP: 21/25 MP: 0/0
  1529 | D:2      | Learned a level 1 spell: Sandblast
  1657 | D:2      | Noticed Natasha
  1669 | D:2      | Reached XP level 4. HP: 18/31 MP: 0/0
  1669 | D:2      | Killed Natasha
  1697 | D:2      | Noticed Natasha
  1971 | D:2      | Killed Natasha
  1972 | D:2      | Reached XP level 5. HP: 29/35 MP: 0/0
  1972 | D:2      | Learned a level 2 spell: Poisonous Vapours
  1979 | D:2      | Noticed Natasha
  1982 | D:2      | Killed Natasha
  1983 | D:2      | Reached skill level 4 in Spellcasting
  2894 | D:3      | Reached XP level 6. HP: 24/40 MP: 0/0
  3454 | D:3      | Noticed Terence
  3461 | D:3      | Killed Terence
  3684 | D:3      | Identified the +12 whip of the Morning {vorpal, +Blink}
  3705 | D:3      | Found Zin's Purification Station.
  3708 | D:3      | Found a glowing silver altar of Zin.
  4134 | D:4      | Reached skill level 5 in Spellcasting
  4323 | D:4      | Found a glowing golden altar of the Shining One.
  4350 | D:5      | Entered Level 5 of the Dungeon
  4350 | D:5      | Noticed Grinder
  4350 | D:5      | Noticed an ice beast
  4624 | D:4      | Reached XP level 7. HP: 25/45 MP: 0/0
  4624 | D:4      | Learned a level 2 spell: Passwall
  5346 | D:4      | Slain by a killer bee

Illustrated notes

Levels and vault maps discovered:
D:1:      psy_arrival_statuary, layout_basic, basic_ecumenical_altar,
          minmay_misc_feat_ornament, minmay_stone_trees_small,
          corexii_item_surrounded_by_moat
D:2:      layout_rooms, serial_bayou_crossing, uniq_natasha
D:3:      layout_rooms, zin_purify, uniq_terence
D:4:      cheibrodos_fertilizer, layout_loops_ring, pf_just_have_faith,
          kennysheep_generic_room_7
D:5:      layout_basic, lightli_temple_of_fire, temple_fountains,
          enter_ossuary_1, uniq_sigmund, uniq_grinder

Skill      XL: |  1  2  3  4  5  6 |
---------------+-------------------+-----
Spellcasting   | 3 4 5 |  5.8
Stealth        | 2 |  2.6
Fighting       | |  0.1
Dodging        | |  2.6

Action                   |  1- 3 |  4- 6 |  7- 9 || total
-------------------------+-------+-------+-------++-------
Melee: Unarmed           |     1 |       |       ||     1
 Cast: Foxfire           |    65 |    84 |    13 ||   162
       Scorch            |     3 |    26 |    12 ||    41
       Inner Flame       |       |    25 |     7 ||    32
       Poisonous Vapours |       |     1 |       ||     1
       Sandblast         |       |       |     4 ||     4
Armor: Robe              |     1 |       |       ||     1
Dodge: Dodged            |     7 |     4 |     2 ||    13
